AoeStats
← SneakyStab

Nomad

508988954Analyzed
2v2 RM · 7d ago on Sep 25, 2026· 27m 11s· 4 players
Game mode
Random Map
Map size
176×176
Population
200
Speed
Normal
Resources
Standard
Victory
Conquest
Starting age
Dark Age
Ending age
Imperial Age
RankedLock teamsTeams togetherTeam positionsShared explorationLock speedFull tech treeHidden civsTurbo modeCheats
Victory
Defeat
🇨🇦 Aztecs · Canada
1479
+11
🇨🇦 Georgians · Canada
1433
+13
🇧🇷 Chinese · Brazil
1388
-13
🇧🇷 Poles · Brazil
1345
-11
Gauderio Paraguaio
2:49 Loom
13:17 Feudal Age
13:53 Double-Bit Axe
15:40 Fletching
20:47 Castle Age
19:18 Padded Archer Armor
20:49 Crossbowman
21:57 Bodkin Arrow
Camarada Dipsy
5:00 Loom
14:38 Feudal Age
18:51 Castle Age
20:12 Fletching
Testicouille
4:29 Loom
13:00 Feudal Age
14:00 Double-Bit Axe
19:38 Castle Age
24:10 Bow Saw
23:51 Gold Mining
SneakyStab
4:27 Loom
4:41 Loom
13:46 Feudal Age
18:26 Castle Age
18:24 Double-Bit Axe
26:00 Scale Mail Armor
27:11 Chain Mail Armor
27:42 Wheelbarrow
Connection lost

Rejoining the realm…

Still unreachable

The connection could not be restored.

Session expired

The server has moved on; the page needs a fresh start.